 Dungeon Sprint DCSS version 0.29-a0-824-gd827844252 (webtiles) character file.

Game seed: 11194309781987029744

70 mhtbhm the Cutter (level 4, -2/32 HPs)
             Began as a Kobold Berserker on July 10, 2022.
             Was a Believer of Trog.
             Slain by a wolf (9 damage)
             ... in the Dungeon (Sprint VII: "The Pits").
             The game lasted 00:00:32 (281 turns).

mhtbhm the Cutter (Kobold Berserker)                 Turns: 281, Time: 00:00:33

Health: -2/32      AC:  2    Str: 16    XL:     4   Next: 44%
Magic:  4/4        EV: 15    Int:  8    God:    Trog [**....]
Gold:   0          SH:  0    Dex: 14    Spells: 3/3 levels left

rFire   . . .      SeeInvis .   a - +1 short sword (flame)
rCold   . . .      Faith    .   (no shield)
rNeg    . . .      Spirit   .   b - +0 animal skin
rPois   .          Reflect  .   (no helmet)
rElec   .          Harm     .   (no cloak)
rCorr   .          Rampage  .   (no gloves)
Will    .....      NoTele   +   (no boots)
Stlth   +++.......              (no amulet)
HPRegen 0.10/turn               (no ring)
MPRegen 0.09/turn               (no ring)

@: no status effects
A: small, no large weapons, nightstalker 3
a: Renounce Religion, Berserk, Trog's Hand


You were in the Dungeon.
You worshipped Trog.
Trog was pleased with you.
You visited 1 branch

Inventory:

Hand Weapons
 a - a +1 short sword of flaming (weapon)
Armour
 b - a +0 animal skin (worn)
Scrolls
 h - a scroll of blinking
 j - a scroll of summoning
Potions
 c - a potion of curing
 e - a potion of haste
 f - 4 potions of magic
 g - 3 potions of berserk rage
 i - 2 potions of invisibility


   Skills:
 + Level 6.2 Fighting
 + Level 7.4 Short Blades
 + Level 2.5 Armour
 + Level 4.0 Dodging
 + Level 1.5 Stealth


You had 3 spell levels left.
You didn't know any spells.
Your spell library was empty.

Dungeon Overview and Level Annotations

Branches:
Dungeon (1/1)

Altars:
Gozag
Hepliaklqana
Sif Muna
Trog
Jiyva


Innate Abilities, Weirdness & Mutations

You are small and have problems with some larger weapons.
You are completely attuned to the shadows.


Message History

You are too injured to fight recklessly!
You are too injured to fight recklessly!
You are too injured to fight recklessly!
You are too injured to fight recklessly!
You are too injured to fight recklessly!
You are too injured to fight recklessly!
You are too injured to fight recklessly!
You are too injured to fight recklessly!
You are too injured to fight recklessly!
You are too injured to fight recklessly!
You are too injured to fight recklessly!
You are too injured to fight recklessly!
You are too injured to fight recklessly!
You are too injured to fight recklessly!
You are too injured to fight recklessly!
You are too injured to fight recklessly!
You are too injured to fight recklessly!
You hit the wolf. You burn the wolf.
The wolf is moderately wounded.
The wolf bites you!
* * * LOW HITPOINT WARNING * * *
You hit the wolf. You burn the wolf.
The wolf is severely wounded.
The wolf barely misses you.
Unknown command.
You feel much better. The wolf bites you. The wolf misses you.
You completely miss the wolf.
The wolf is severely wounded.
The wolf closely misses you.
You hit the wolf but do no damage.
The wolf is severely wounded.
The wolf bites you but does no damage.
You miss the wolf.
The wolf is severely wounded.
The wolf bites you. The wolf bites you!
* * * LOW HITPOINT WARNING * * *
You closely miss the wolf.
The wolf is severely wounded.
The wolf bites you!
You die...

___.# __.# ..########
##########'##.......
#.?(.')))'.##......#.
##########.##........
.........'........
#####@#####......#.
#...#h# #........
#...#g# ####'####
#..)†Z# #.......#
##'#### #.......#
#.g...# #.......#
#.h...# #...<...#
#...... #.......#
#...... #.......#


You could see a wolf, a bat zombie and a hobgoblin.

Vanquished Creatures
  A scorpion (D)
  An ufetubus (D)
  2 orcs (D)
  A bat (D)
  A kobold (D)
6 creatures vanquished.

Notes
Turn   | Place    | Note
-------+----------+-------------------------------------------
     0 | D        | mhtbhm the Kobold Berserker began the quest for the Orb.
     0 | D        | Reached XP level 1. HP: 14/14 MP: 1/1
    10 | D        | Noticed a scorpion
    19 | D        | Killed a scorpion
    20 | D        | Reached skill level 7 in Short Blades
    20 | D        | Reached skill level 1 in Stealth
    20 | D        | Reached XP level 2. HP: 22/22 MP: 2/2
    20 | D        | Reached XP level 3. HP: 26/27 MP: 3/3
    20 | D        | Reached XP level 4. HP: 32/32 MP: 4/4
    23 | D        | Found a bloodstained altar of Trog.
    23 | D        | Found a shimmering blue altar of Sif Muna.
    23 | D        | Found a viscous altar of Jiyva.
    23 | D        | Found a hazy altar of Hepliaklqana.
    23 | D        | Found an opulent altar of Gozag.
   125 | D        | Reached ** piety under Trog
   262 | D        | Noticed a wolf
   281 | D        | Slain by a wolf

Illustrated notes

Levels and vault maps discovered:
D:        pitsprint [storerooms_1, entrance_room_1, metal_vault_3, armoury_2,
          mini_pit_1, grid_room_1, main_hall_1, silver_pit, the_coven_1,
          the_vestibule_1, steel_vault_2, golden_pit, hallway_of_sentries,
          crystal_vault_5, iron_vault_2, final_vault]

Skill      XL: |  1  2  3  4 |
---------------+-------------+-----
Fighting       | 6 |  6.2
Short Blades   | 7 |  7.4
Armour         | 2 |  2.5
Dodging        | 3 4 |  4.0
Stealth        | 1 |  1.5

Action                   |  1- 3 |  4- 6 || total
-------------------------+-------+-------++-------
Melee: Short sword       |     6 |    11 ||    17
       Dagger            |       |    10 ||    10
Invok: Berserk           |     1 |       ||     1
  Use: Potion            |       |     1 ||     1
 Stab: Sleeping          |     1 |       ||     1
Armor: Animal skin       |     2 |     5 ||     7
Dodge: Dodged            |     1 |    23 ||    24

Table legend: (Time is in decaauts)
 A = Elapsed time spent in this place.
 B = Non-inter-level travel time spent in this place.
 C = Inter-level travel time spent in this place.
 D = Time resting spent in this place.
 E = Time spent auto-exploring this place.
 F = Levels seen in this place.
 G = Mean time per level.
                   A        B        C        D        E       F      G
               +--------+--------+--------+--------+--------+-----+--------+
         Total |    281 |    281 |      0 |    198 |      0 |   1 |  281.0 |
       Dungeon |    281 |    281 |      0 |    198 |      0 |   1 |  281.0 |
               +--------+--------+--------+--------+--------+-----+--------+

Top non-repeatable levels by time:
       D: 281 daAuts
